 Dungeon Sprint DCSS version 0.27-a0-1139-g28e009f8a6 (webtiles) character file.

Game seed: 16251850447327650776

4728 Zeld the Devastator (level 10, -1/63 HPs)
             Began as a Deep Elf Conjurer on May 7, 2021.
             Was a High Priest of Sif Muna.
             Killed from afar by an ushabti (3 damage)
             ... with a vile air
             ... in the Dungeon (Sprint V: "Ziggurat Sprint").
             The game lasted 00:04:00 (1283 turns).

Zeld the Devastator (Deep Elf Conjurer)             Turns: 1283, Time: 00:04:01

Health: -1/63      AC:  2    Str:  4    XL:     10   Next: 22%
Magic:  23/28      EV: 17    Int: 39    God:    Sif Muna [*****.]
Gold:   0          SH:  0    Dex: 13    Spells: 23/34 levels left

rFire    . . .     SeeInvis .   (no weapon)
rCold    . . .     Faith    .   (no shield)
rNeg     . . .     Spirit   .   a - +0 robe
rPois    .         Reflect  .   k - +0 hat {Stlth+}
rElec    .         Harm     .   (no cloak)
rCorr    .         Rampage  .   (no gloves)
Will     +....     NoTele   +   (no boots)
Stlth    +++.......             (no amulet)
HPRegen  0.20/turn              r - +6 ring of intelligence
MPRegen  0.21/turn              s - +6 ring of intelligence

@: lethally poisoned (-1 -> -12), slowed, very slow
A: no striking features
a: Renounce Religion, Channel Magic, Forget Spell, Divine Exegesis


You were in the Dungeon.
You worshipped Sif Muna.
Sif Muna was extremely pleased with you.
You visited 1 branch

Inventory:

Armour
 a - a +0 robe (worn)
 k - a +0 hat of stealth (worn)
 x - a +3 tower shield
Jewellery
 r - a +6 ring of intelligence (left hand)
 s - a +6 ring of intelligence (right hand)
Wands
 u - a wand of mindburst (7)
 v - a wand of iceblast (3)
 w - a wand of acid (7)
Scrolls
 h - 3 scrolls of blinking
 m - 4 scrolls of amnesia
 n - 7 scrolls of fog
 o - a scroll of holy word
 p - 5 scrolls of identify
 q - 2 scrolls of fear
Potions
 b - 2 potions of brilliance
 c - 8 potions of curing
 d - 10 potions of heal wounds
 e - 10 potions of haste
 f - 7 potions of magic
 g - 3 potions of berserk rage
 i - 2 potions of invisibility
 j - 4 potions of resistance
 l - 6 potions of might
Miscellaneous
 t - a lightning rod (4/4)
 y - a box of beasts
 z - a tin of tremorstones (2/2)
 A - a piece from Xom's chessboard (15/15)


   Skills:
 + Level 7.5 Fighting
 + Level 10.9 Dodging
 - Level 2.4 Stealth
 + Level 12.8 Spellcasting
 * Level 15.0 Conjurations
 * Level 13.2 Invocations


You had 23 spell levels left.
You knew the following spells:

 Your Spells              Type           Power      Damage    Failure   Level
a - Magic Dart            Conj           100%       1d8       0%          1
b - Searing Ray           Conj           100%       3d7       0%          2
c - Fulminant Prism       Conj/Hex       35%        3d18      1%          4
d - Iskenderun's Mystic   Conj/Tloc      70%        2d14      1%          4

Your spell library contained the following spells:

 Spells                   Type           Power      Damage    Failure   Level
 Corona                   Hex            26%        N/A       1%          1
 Sandblast                Erth           48%        2d12      1%          1
 Shock                    Conj/Air       100%       1d9       1%          1
 Summon Small Mammal      Summ           96%        N/A       1%          1
 Dazzling Flash           Conj/Hex       100%       N/A       1%          3
 Stone Arrow              Conj/Erth      100%       3d13      1%          3
 Hailstorm                Conj/Ice       70%        3d15      1%          4
 Call Imp                 Summ           24%        N/A       2%          2
 Corpse Rot               Necr/Air       N/A        N/A       2%          2
 Ensorcelled Hibernation  Hex/Ice        48%        N/A       2%          2
 Passwall                 Tmut/Erth      20%        N/A       2%          2
 Poisonous Vapours        Pois/Air       48%        N/A       2%          2
 Sublimation of Blood     Necr           12%        N/A       2%          2
 Confusing Touch          Hex            24%        N/A       4%          3
 Summon Guardian Golem    Hex/Summ       24%        N/A       4%          3
 Tukima's Dance           Hex            24%        N/A       4%          3
 Bolt of Magma            Conj/Fire/Erth 29%        4d13      4%          5
 Iron Shot                Conj/Erth      35%        9d7       10%         6
 Animate Armour           Summ/Erth      48%        N/A       14%         4
 Dispel Undead            Necr           24%        3d12      14%         4
 Leda's Liquefaction      Hex/Erth       12%        N/A       14%         4
 Summon Lightning Spire   Summ/Air       24%        N/A       14%         4
 Agony                    Necr           24%        N/A       36%         5
 Excruciating Wounds      Necr           12%        N/A       36%         5
 Lee's Rapid Deconstruct  Erth           12%        3d9*      36%         5
 Summon Forest            Summ/Tloc      12%        N/A       36%         5
 Simulacrum               Ice/Necr       12%        N/A       91%         6
 Statue Form              Tmut/Erth      16%        N/A       91%         6
 Ozocubu's Refrigeration  Ice            12%        4d7       100%        7
 Summon Hydra             Summ           12%        N/A       100%        7
 Shatter                  Erth           12%        3d13*     100%        9
 Tornado                  Air            12%        N/A       100%        9


Dungeon Overview and Level Annotations

Branches:
Dungeon (1/1)

Altars:
Ashenzari
Cheibriados
Dithmenos
Elyvilon
Fedhas
Gozag
Hepliaklqana
Kikubaaqudgha
Makhleb
Nemelex Xobeh
Okawaru
Qazlal
Ru
Sif Muna
Trog
Uskayaw
Vehumet
Wu Jian
Xom
Yredelemnul
Zin
The Shining One
Beogh
Jiyva
Lugonu

Annotations:
D 1 transporter


Message History

The mystic blast hits the ushabti!
The ushabti is moderately damaged.
The ushabti is knocked back by the mystic blast.
The ushabti collides with the flayed ghost!
The mystic blast hits the mummy!!
You destroy the mummy!
Sif Muna accepts your kill.
The mystic blast hits the flying skull but does no damage.
You are engulfed in dark miasma.
You are poisoned.
You feel yourself slow down.
You feel very sick. The flying skull completely misses you.
The flayed ghost cries, "Feel what I felt!"
Blink to where?
Press: ? - help, Dir - move target
As you read the scroll of blinking, it crumbles to dust.
You feel very sick.
The mummy priest calls on the powers of darkness!
Your body is wracked with pain!
* * * LOW HITPOINT WARNING * * *
The mummy priest calls on the powers of darkness!
Your body is wracked with pain!
* * * LOW HITPOINT WARNING * * *
The ushabti shakes and rattles.
The vile air hits the guardian mummy but does no damage.
The vile air hits you.
* * * LOW HITPOINT WARNING * * *
You feel better.
You are engulfed in dark miasma.
You are lethally poisoned!
* * * LOW HITPOINT WARNING * * *
x2 You feel extremely sick.
The ushabti shakes and rattles deafeningly!
You feel better.
You are engulfed in dark miasma.
You are lethally poisoned!
* * * LOW HITPOINT WARNING * * *
You feel very sick.
The ushabti shakes and rattles.
The vile air hits the flying skull.
The vile air hits you.
You die...

..8©8...▓..8©8..▓
▓..=.:[...▓..)[...▓
▓...:)|...▓..).=..▓
▓.........▓.......▓
▓.........▓...)...▓
▓..88n.M..▓...)†..▓
▓...W.8.°.▓.......▓
▓.▓M☼§..▓°▓.▓)..▓.▓
▓.@zV©....▓...©...▓
▓▓▓▓▓▓▓▓▓▓▓▓▓▓▓▓▓▓▓
▓..8©8..▓ ▓.......▓
▓..)=...▓ ▓.......▓
▓.......▓ ▓.......▓
▓.......▓


You could see a mummy priest, a jiangshi (summoned), a flayed ghost (summoned),
a guardian mummy, 3 ushabtiu, a necrophage (summoned) and a flying skull.

Vanquished Creatures
  3 deep elf pyromancers (D)
  5 draconians (D)
  A naga mage (D)
  3 slime creatures (D)
  A hornet (shapeshifter) (D)
  2 nagas (D)
  2 water moccasins (D)
  A jelly (D)
  An iron imp (D)
  An orc priest (D)
  An orc wizard (D)
  5 mummies (D)
  An adder (D)
  2 white imps (D)
  2 endoplasms (D)
31 creatures vanquished.

Vanquished Creatures (others)
  3 fulminant prisms (D)
3 creatures vanquished.

Grand Total: 34 creatures vanquished

Notes
Turn   | Place    | Note
-------+----------+-------------------------------------------
     0 | D        | Zeld the Deep Elf Conjurer began the quest for the Orb.
     0 | D        | Reached XP level 1. HP: 10/10 MP: 6/6
     0 | D        | Found a shimmering blue altar of Sif Muna.
     0 | D        | Found a sacrificial altar of Ru.
     0 | D        | Found a bloodstained altar of Trog.
     0 | D        | Found a stormy altar of Qazlal.
     0 | D        | Found an iron altar of Okawaru.
     0 | D        | Found a sparkling altar of Nemelex Xobeh.
     0 | D        | Found a blossoming altar of Fedhas.
     1 | D        | Found the +6 Majin-Bo {vamp, MP+6 Int+6}
     1 | D        | Found the +9 heavy crossbow "Sniper" {vorpal, Acc+∞ SInv}
     1 | D        | Found the +10 dark maul {vorpal}
     1 | D        | Found the +15 Maxwell's patent armour {-Cast -Tele rElec
                  | Will+ rCorr}
     1 | D        | Found the +18 shield of the Gong {rElec rN+ Will+ EV-5}
     1 | D        | Found the +14 obsidian axe {vorpal, Drain Fly SInv}
     1 | D        | Found the +7 great mace "Firestarter" {inner flame, rF++}
     1 | D        | Found the +6 shillelagh "Devastator" {shatter}
     1 | D        | Found the +11 plutonium sword {Contam Stlth-}
     1 | D        | Found the +8 lance "Wyrmbane" {slay drac, rPois rF+ rC+
                  | AC+3}
     1 | D        | Found the +9 sword of Zonguldrok {reap}
     1 | D        | Found the +13 scythe of Curses {drain, Drain}
     1 | D        | Found the +5 sword of Power {vorpal}
     1 | D        | Found the +7 mace of Variability {chain chaos}
     1 | D        | Found the +7 Singing Sword {vorpal, sonic wave}
     1 | D        | Found the +8 storm bow {elec, penet}
     2 | D        | Found a transporter.
     2 | D        | Found an ancient bone altar of Kikubaaqudgha.
     2 | D        | Found a viscous altar of Jiyva.
     2 | D        | Found a corrupted altar of Lugonu.
     2 | D        | Found a hazy altar of Hepliaklqana.
     2 | D        | Found a burning altar of Makhleb.
     2 | D        | Found an opulent altar of Gozag.
    32 | D        | Became a worshipper of Sif Muna the Loreminder
    33 | D        | Reached skill level 8 in Conjurations
    33 | D        | Reached XP level 2. HP: 15/15 MP: 7/11
    37 | D        | Learned a level 2 spell: Searing Ray
    53 | D        | Banished a spatial maelstrom
   107 | D        | Entered arena 2.
   107 | D        | Found a transporter.
   109 | D        | Reached skill level 1 in Fighting
   109 | D        | Reached XP level 3. HP: 20/20 MP: 10/13
   323 | D        | Got the Catalogue of Calling
   514 | D        | Entered arena 3.
   514 | D        | Found a transporter.
   517 | D        | Reached * piety under Sif Muna
   518 | D        | Reached skill level 9 in Conjurations
   518 | D        | Reached XP level 4. HP: 17/26 MP: 11/15
   530 | D        | Got the amulet of the Neverending Tables {Acrobat Fragile
                  | Will+ Dex+3 Stlth+}
   532 | D        | Got the Guide on Earthen Weightlessness
   539 | D        | Learned a level 4 spell: Fulminant Prism
   544 | D        | Learned a level 4 spell: Iskenderun's Mystic Blast
   688 | D        | Entered arena 4.
   688 | D        | Found a transporter.
   692 | D        | Reached ** piety under Sif Muna
   697 | D        | Reached XP level 5. HP: 24/31 MP: 7/17
   699 | D        | Reached *** piety under Sif Muna
   792 | D        | Entered arena 5.
   792 | D        | Noticed a hornet
   792 | D        | Noticed a deep elf pyromancer
   792 | D        | Noticed a deep elf pyromancer
   792 | D        | Noticed a deep elf pyromancer
   792 | D        | Found a transporter.
   793 | D        | Identified the +3 battleaxe of Duty {speed, rPois rN+
                  | Int+4}
   795 | D        | Killed a deep elf pyromancer
   796 | D        | Reached skill level 11 in Conjurations
   796 | D        | Reached XP level 6. HP: 38/38 MP: 18/20
   796 | D        | Reached XP level 7. HP: 43/43 MP: 18/21
   796 | D        | Killed a hornet
   797 | D        | Noticed a fire elemental
   797 | D        | Killed a deep elf pyromancer
   798 | D        | Reached skill level 5 in Fighting
   798 | D        | Reached skill level 10 in Spellcasting
   798 | D        | Reached skill level 12 in Conjurations
   798 | D        | Reached XP level 8. HP: 49/49 MP: 15/24
   799 | D        | Killed a deep elf pyromancer
   799 | D        | Reached **** piety under Sif Muna
   800 | D        | Reached skill level 10 in Invocations
   897 | D        | Entered arena 6.
   897 | D        | Noticed a draconian
   897 | D        | Noticed a draconian
   897 | D        | Noticed a draconian
   897 | D        | Noticed a draconian
   897 | D        | Noticed a draconian
   897 | D        | Found a transporter.
   898 | D        | Identified the +6 falchion of the Solstice {flame, +Blink
                  | rPois rF++ Int-4}
   909 | D        | Killed a draconian
   909 | D        | Killed a draconian
   910 | D        | Reached skill level 13 in Conjurations
   910 | D        | Reached XP level 9. HP: 40/55 MP: 11/26
   913 | D        | Killed a draconian
   913 | D        | Killed a draconian
   914 | D        | Reached skill level 14 in Conjurations
   914 | D        | Killed a draconian
   914 | D        | Reached ***** piety under Sif Muna
   915 | D        | Reached skill level 10 in Dodging
  1159 | D        | Entered arena 7.
  1159 | D        | Noticed a naga mage
  1160 | D        | Found the +8 trident of the Octopus King {venom, rElec
                  | rPois Will+}
  1163 | D        | Identified Sif Muna's Compendium of Snow and Stones (Sif
                  | Muna gifted it to you in the Dungeon)
  1163 | D        | Received a gift from Sif Muna
  1168 | D        | Killed a naga mage
  1169 | D        | Reached XP level 10. HP: 61/63 MP: 12/28
  1172 | D        | Found a transporter.
  1207 | D        | Got the Handbook of Ashen Lightness
  1242 | D        | Entered arena 8.
  1253 | D        | Reached skill level 15 in Conjurations
  1253 | D        | Found a transporter.
  1262 | D        | Got the ring "Beschog" {Str+4 SInv}
  1274 | D        | Entered arena 9.
  1274 | D        | Noticed a mummy priest
  1277 | D        | Noticed a jiangshi
  1277 | D        | Noticed a flayed ghost
  1278 | D        | Found a transporter.
  1282 | D        | HP: 3/63 [poisoned by an ushabti (dark miasma)]
  1283 | D        | Killed from afar by an ushabti

Illustrated notes

Levels and vault maps discovered:
D:        sprint_v [room_start, room_1, room_2, room_3, room_4, room_5, room_6,
          room_7, room_8, room_9, room_10, room_11, room_12, room_13, room_14,
          room_15, room_16, room_17, room_18, room_19, room_20, room_21,
          room_22, room_23, room_24, room_25, room_26, room_27]

Skill      XL: |  1  2  3  4  5  6  7  8  9 10 |
---------------+-------------------------------+-----
Spellcasting   | 6 7 9 10 11 12 | 12.8
Conjurations   | 8 9 11 12 13 14 15 | 15.0
Fighting       | 1 2 4 5 6 7 |  7.5
Dodging        | 3 4 6 7 9 10 | 10.9
Invocations    | 2 3 4 8 9 11 12 13 | 13.2
Stealth        | |  2.4

Action                   |  1- 3 |  4- 6 |  7- 9 | 10-12 || total
-------------------------+-------+-------+-------+-------++-------
 Cast: Searing Ray       |     4 |     4 |     7 |     3 ||    18
       Iskenderun's Myst |       |       |    11 |     4 ||    15
       Fulminant Prism   |       |       |     1 |     2 ||     3
Invok: Channel Magic     |       |       |     1 |     1 ||     2
Evoke: Wand              |       |     3 |     1 |       ||     4
  Use: Potion            |     1 |       |       |     2 ||     3
       Scroll            |       |       |       |     1 ||     1
Dodge: Dodged            |     2 |     4 |       |     1 ||     7

Table legend: (Time is in decaauts)
 A = Elapsed time spent in this place.
 B = Non-inter-level travel time spent in this place.
 C = Inter-level travel time spent in this place.
 D = Time resting spent in this place.
 E = Time spent auto-exploring this place.
 F = Levels seen in this place.
 G = Mean time per level.
                   A        B        C        D        E       F      G
               +--------+--------+--------+--------+--------+-----+--------+
         Total |   1282 |   1282 |      0 |    968 |     60 |   1 | 1282.0 |
       Dungeon |   1282 |   1282 |      0 |    968 |     60 |   1 | 1282.0 |
               +--------+--------+--------+--------+--------+-----+--------+

Top non-repeatable levels by time:
       D: 1282 daAuts
